 Dungeon Crawl Stone Soup version 0.30-a0-12-gd8047c6341 (console) character file.

Game seed: 9511730470322840522

56 capslocke the Sneak (level 3, -1/29 HPs)
             Began as a Demonspawn Delver on Aug 24, 2022.
             Slain by Ijyb
             ... wielding a +0 club
              (3 damage)
             ... on level 3 of the Dungeon.
             The game lasted 00:07:58 (2231 turns).

capslocke the Sneak (Demonspawn Delver)             Turns: 2231, Time: 00:07:59

Health: -1/29      AC:  4    Str: 12 (14) XL:     3   Next: 69%
Magic:  3/3        EV: 11    Int:  9 (11) God:
Gold:   150        SH:  7    Dex: 11 (14) Spells: 2/2 levels left

rFire   . . .      SeeInvis .    i - staff of poison
rCold   . . .      Faith    .    x - +0 buckler
rNeg    . . .      Spirit   .    b - +0 leather armour
rPois   +          Reflect  .    (no helmet)
rElec   .          Harm     .    (no cloak)
rCorr   .          Rampage  .    v - +0 pair of gloves
Will    .....                    (no boots)
Stlth   +++.......               u - amulet of magic regeneration
HPRegen 0.09/turn                (no ring)
MPRegen 0.48/turn                (no ring)

@: no status effects
A: sturdy frame 1, condensation shield, inability to read after injury 1
a: no special abilities


You were on level 3 of the Dungeon.
You visited 1 branch of the dungeon, and saw 5 of its levels.

You collected 150 gold pieces.

Inventory:

Hand Weapons
 a - a +0 falchion
Missiles
 n - 12 javelins (quivered)
Armour
 b - a +0 leather armour (worn)
 l - a +0 leather armour
 v - a +0 pair of gloves (worn)
 x - a +0 buckler (worn)
Magical Staves
 i - a staff of poison (weapon)
Jewellery
 u - an amulet of magic regeneration (around neck)
Wands
 g - a wand of digging (3)
 h - a wand of mindburst (7)
 j - a wand of quicksilver (4)
Scrolls
 c - 2 scrolls of fog
 d - a scroll of magic mapping
 e - a scroll of fear
 k - a scroll of poison {unknown}
 m - a scroll of noise {unknown}
 o - a scroll of identify {unknown}
 p - a scroll of vulnerability {unknown}
 q - 2 scrolls of teleportation {unknown}
 r - a scroll of torment {unknown}
Potions
 f - a potion of haste
 s - a potion of mutation


   Skills:
 + Level 3.1 Fighting
 + Level 1.8 Long Blades
 + Level 0.3 Staves
 + Level 0.1 Throwing
 + Level 2.0 Dodging
 + Level 5.4 Stealth
 + Level 0.2 Shields
 + Level 0.2 Evocations


You had 2 spell levels left.
You didn't know any spells.
Your spell library contained the following spells:

 Spells                   Type           Power      Damage    Failure   Level
 Ensorcelled Hibernation  Hex/Ice        0%         N/A       65%         2
 Passwall                 Tmut/Erth      0%         N/A       65%         2
 Swiftness                Air            0%         N/A       87%         3


Dungeon Overview and Level Annotations

Branches:
Dungeon (5/15)
 Temple: D:4-7

Altars:
Qazlal

Shops:
D:2 (

Annotations:
D:3 Ijyb


Innate Abilities, Weirdness & Mutations

Your movements are slightly less encumbered by armour. (ER -2)
A meltable shield of frost defends you. (SH +4)
You occasionally lose the ability to read scrolls when taking damage.


Message History

You barely miss Ijyb.
Ijyb is almost dead.
You block Ijyb's attack.
You barely miss Ijyb.
Ijyb is almost dead.
Ijyb closely misses you.
You hit Ijyb but do no damage.
Ijyb is almost dead.
Ijyb completely misses you. You block Ijyb's attack.
You closely miss Ijyb.
Ijyb is almost dead.
Ijyb hits you but does no damage.
You miss Ijyb.
Ijyb is almost dead.
Ijyb closely misses you.
You barely miss Ijyb.
Ijyb is almost dead.
Ijyb hits you with a +0 club.
* * * LOW HITPOINT WARNING * * *
Ijyb hits you but does no damage.
You barely miss Ijyb.
Ijyb is almost dead.
Ijyb closely misses you.
You hit Ijyb but do no damage.
Ijyb is almost dead.
Ijyb hits you with a +0 club.
* * * LOW HITPOINT WARNING * * *
You barely miss Ijyb.
Ijyb is almost dead.
Ijyb hits you with a +0 club.
* * * LOW HITPOINT WARNING * * *
Aiming: Mindburst
Press: ? - help, Shift-Dir - straight line, f/p - Ijyb
Aim: Ijyb, wielding a +0 club, wearing a +0 leather armour and carrying a wand of iceblast (9) (almost dead, chance to affect: 72%) Ijyb struggles to resist.
You block Ijyb's attack.
Aiming: Mindburst
Press: ? - help, Shift-Dir - straight line, f/p - Ijyb
Aim: Ijyb, wielding a +0 club, wearing a +0 leather armour and carrying a wand of iceblast (9) (almost dead, chance to affect: 72%) Ijyb struggles to resist.
Ijyb hits you with a +0 club.
You die...

....... .......
<...... .......##
......##### ...
........# ...#
#..#...## #
#..###..##.@.##.##
#.......#g......#
##......†<......#
#.............$#
#..............#
#..............#
#..........>...#
#..............#
###............[.#


You could see Ijyb.

Vanquished Creatures
  An adder (D:3)
  A worm (D:2)
  An orc (D:4)
  4 bats (D:2)
  5 endoplasms
  2 giant cockroaches (D:2)
  4 goblins
  A hobgoblin (D:1)
  4 jackals
  5 kobolds
  A quokka (D:2)
  2 ball pythons
  8 frilled lizards
  3 rats
42 creatures vanquished.

Vanquished Creatures (others)
  3 plants (D:1)
3 creatures vanquished.

Grand Total: 45 creatures vanquished

Notes
Turn   | Place    | Note
-------+----------+-------------------------------------------
     0 | D:5      | capslocke the Demonspawn Delver began the quest for the
                  | Orb.
     0 | D:5      | Reached XP level 1. HP: 18/18 MP: 1/1
   105 | D:3      | Reached skill level 5 in Stealth
   105 | D:3      | Gained mutation: Your movements are slightly less
                  | encumbered by armour. (ER -2) [demonic ancestry]
   105 | D:3      | Reached XP level 2. HP: 24/24 MP: 2/2
   245 | D:3      | Noticed Ijyb
   760 | D:2      | Gained mutation: A meltable shield of frost defends you.
                  | (SH +4) [demonic ancestry]
   760 | D:2      | Reached XP level 3. HP: 25/29 MP: 3/3
   811 | D:2      | Found a stormy altar of Qazlal.
   902 | D:2      | Found Buruepn's Weapon Boutique.
  1307 | D:2      | Found a faded altar of an unknown god.
  2202 | D:3      | Gained mutation: You occasionally lose the ability to read
                  | scrolls when taking damage. [potion of mutation]
  2202 | D:3      | HP: 1/29 [Ijyb/+0 club (4)]
  2231 | D:3      | Slain by Ijyb

Illustrated notes

Levels and vault maps discovered:
D:1:      giann_wishing_wells, layout_basic, minmay_lizard_king
D:2:      layout_loops_ring, serial_shops, shop,
          hellmonk_ecumenical_altar_heavens_door, basic_altar
D:3:      layout_rooms, minmay_strange_pillars, lexackson_kobold_supper,
          uniq_jessica, uniq_ijyb
D:4:      layout_gridville, serial_shops, shop
D:5:      layout_cave_pools, serial_undead, serial_undead_f, serial_undead_f,
          serial_undead_c, serial_undead_d, serial_undead_c, serial_undead_f,
          uniq_pikel, uniq_grinder

Skill      XL: |  1  2  3 |
---------------+----------+-----
Stealth        | 5 |  5.4
Dodging        | 2 |  2.0
Fighting       | |  3.1
Long Blades    | |  1.8
Staves         | |  0.3
Throwing       | |  0.1
Shields        | |  0.2
Evocations     | |  0.2

Action                   || total
-------------------------++-------
Melee: Staff             ||   157
       Punch             ||     1
Throw: Javelin           ||     2
Evoke: Wand              ||    18
  Use: Potion            ||     3
 Stab: Sleeping          ||    11
Armor: Leather armour    ||    46
Dodge: Dodged            ||    88
Block: Buckler           ||    32
       Other             ||    13

Table legend: (Time is in decaauts)
 A = Elapsed time spent in this place.
 B = Non-inter-level travel time spent in this place.
 C = Inter-level travel time spent in this place.
 D = Time resting spent in this place.
 E = Time spent auto-exploring this place.
 F = Levels seen in this place.
 G = Mean time per level.
                   A        B        C        D        E       F      G
               +--------+--------+--------+--------+--------+-----+--------+
         Total |   2266 |   2149 |    117 |    266 |   1295 |   5 |  453.2 |
       Dungeon |   2266 |   2149 |    117 |    266 |   1295 |   5 |  453.2 |
               +--------+--------+--------+--------+--------+-----+--------+

Top non-repeatable levels by time:
     D:2: 1253 daAuts
     D:1: 693 daAuts
     D:3: 223 daAuts
     D:4: 72 daAuts
     D:5: 23 daAuts
